 Dungeon Crawl Stone Soup version 0.31.0-32-g396128a36d (webtiles) character file.

Game seed: 17161375820268625747

87789 pussyagain the Impaler (level 15, -5/144 HPs)
             Began as a Minotaur Fighter on Apr 13, 2024.
             Was the Champion of Okawaru.
             Slain by a tengu warrior
             ... wielding a +0 war axe
              (15 damage)
             ... on level 1 of the Depths on Apr 14, 2024.
             The game lasted 00:52:06 (22647 turns).

pussyagain the Impaler (Minotaur Fighter)          Turns: 22647, Time: 00:52:07

Health: -5/144     AC: 26    Str: 33    XL:     15   Next: 44%
Magic:  14/14      EV: 12    Int:  5    God:    Okawaru [******]
Gold:   97         SH:  5    Dex: 20    Spells: 14/14 levels left

rFire   . . .        I - +9 bardiche "Monyasoafu" {flame, Dex+3}
rCold   . . .        (shield currently unavailable)
rNeg    . . .        O - +1 plate armour of Pandemonium {Slay+3}
rPois   .            (helmet restricted)
rElec   +            k - +1 cloak of Starlight {*Dazzle EV+4 Stlth--}
rCorr   .            J - +1 pair of gloves "Xyb Ofab" {rElec}
SInv    .            x - +2 pair of boots
Will    +....        S - amulet of reflection Stlth
                     A - +6 ring of strength
HPRegen 0.44/turn    v - +6 ring of dexterity
MPRegen 0.14/turn

%: reflection
@: about to teleport, studying Translocations
A: horns 2, retaliatory headbutt
a: Renounce Religion, Heroism, Finesse, Duel


You were on level 1 of the Depths.
You worshipped Okawaru.
Okawaru was exalted by your worship.
You visited 3 branches of the dungeon, and saw 21 of its levels.

You collected 1740 gold pieces.
You spent 1643 gold pieces at shops.

Inventory:

Hand Weapons
 z - a +4 war axe of chaos
 I - the +9 bardiche "Monyasoafu" (weapon) {flame, Dex+3}
   (Okawaru gifted it to you on level 11 of the Dungeon)

   Dex+3:     It affects your dexterity (+3).
Missiles
 P - 5 javelins
 U - a silver javelin (quivered)
Armour
 k - the +1 cloak of Starlight (worn) {*Dazzle EV+4 Stlth--}
   (You bought it in a shop on level 10 of the Dungeon)

   *Dazzle:   It may blind those who miss an attack against the wearer in melee
   combat.
   EV+4:      It affects your evasion (+4).
   Stlth--:   It makes you much less stealthy.
 x - a +2 pair of boots (worn)
 J - the +1 pair of gloves "Xyb Ofab" (worn) {rElec}
   (You bought it in a shop on level 10 of the Dungeon)

   rElec:     It insulates you from electricity.
 O - the +1 plate armour of Pandemonium (worn) {Slay+3}
   (Okawaru gifted it to you on level 11 of the Dungeon)

   Slay+3:    It affects your accuracy & damage with ranged weapons and melee
   (+3).
Jewellery
 b - a ring of see invisible
 d - an amulet of the acrobat
 o - a ring of protection from fire
 q - an amulet of regeneration
 v - a +6 ring of dexterity (right hand)
 w - a +6 ring of intelligence
 y - a ring of ice
 A - a +6 ring of strength (left hand)
 B - a ring of resist corrosion
 C - a ring of protection from cold
 S - an amulet of reflection (around neck)
Wands
 e - a wand of polymorph (2)
 f - a wand of quicksilver (2)
 r - a wand of paralysis (7)
 u - a wand of flame (15)
 E - a wand of iceblast (15)
 Q - a wand of digging (5)
 T - a wand of mindburst (8)
Scrolls
 a - a scroll of vulnerability
 c - 3 scrolls of identify
 h - 5 scrolls of fog
 i - 2 scrolls of blinking
 l - 8 scrolls of teleportation
 n - a scroll of enchant armour
 D - 3 scrolls of fear
 G - a scroll of revelation
 H - 4 scrolls of noise
 N - a scroll of amnesia
 V - a scroll of immolation
 Y - a scroll of poison
Potions
 g - 4 potions of brilliance
 j - 7 potions of ambrosia
 m - 5 potions of might
 p - 4 potions of enlightenment
 s - 2 potions of cancellation
 t - 2 potions of attraction
 F - 5 potions of curing
 L - a potion of mutation
 M - 2 potions of lignification
 R - a potion of invisibility
 W - a potion of degeneration
 Z - 2 potions of berserk rage
Miscellaneous
 K - a condenser vane


   Skills:
 - Level 16.2 Fighting
 - Level 16.0(20.1) Axes
 * Level 20.0(22.1) Polearms
 - Level 14.5 Armour
 - Level 3.6 Shields


You had 14 spell levels left.
You didn't know any spells.
Your spell library contained the following spells:

 Spells                   Type           Power      Damage    Failure   Level
 Magic Dart               Conj           0%         1d3       95%         1
 Necrotise                Necr           0%         1d4       95%         1
 Blink                    Tloc           0%         N/A       98%         2
 Ensorcelled Hibernation  Hex/Ice        0%         N/A       98%         2
 Lesser Beckoning         Tloc           0%         N/A       98%         2
 Sublimation of Blood     Necr           0%         N/A       98%         2
 Dazzling Flash           Conj/Hex       0%         N/A       100%        3
 Frozen Ramparts          Ice            0%         1d1       100%        3
 Fugue of the Fallen      Necr           0%         N/A       100%        3
 Gell's Gravitas          Tloc           0%         N/A       100%        3
 Mephitic Cloud           Conj/Alch/Air  0%         N/A       100%        3
 Stone Arrow              Conj/Erth      0%         3d7       100%        3
 Swiftness                Air            0%         N/A       100%        3
 Teleport Other           Tloc           0%         N/A       100%        3
 Vampiric Draining        Necr           0%         2d6       100%        3
 Volatile Blastmotes      Fire/Tloc      0%         2d10      100%        3
 Anguish                  Hex/Necr       0%         N/A       100%        4
 Ignite Poison            Fire/Alch      0%         N/A       100%        4
 Leda's Liquefaction      Alch/Erth      0%         N/A       100%        4
 Manifold Assault         Tloc           0%         N/A       100%        4
 Petrify                  Alch/Erth      0%         N/A       100%        4
 Sticky Flame             Fire/Alch      0%         2d4       100%        4
 Alistair's Intoxication  Alch           0%         N/A       100%        5
 Arcjolt                  Conj/Air       0%         1d10      100%        5
 Borgnjor's Vile Clutch   Necr/Erth      0%         N/A       100%        5
 Curse of Agony           Necr           0%         N/A       100%        5
 Irradiate                Conj/Alch      0%         3d11      100%        5
 Metabolic Englaciation   Hex/Ice        0%         N/A       100%        5
 Dispersal                Tloc           0%         N/A       100%        6
 Eringya's Noxious Bog    Alch           0%         4d6       100%        6
 Starburst                Conj/Fire      0%         6d3       100%        6
 Ozocubu's Refrigeration  Ice            0%         4d7       100%        7
 Disjunction              Tloc           0%         N/A       100%        8
 Ignition                 Fire           0%         3d3       100%        8
 Maxwell's Capacitive Co  Air            0%         ∞         100%        8
 Polar Vortex             Ice            0%         N/A       100%        9
 Call Imp                 Summ           Unusable   N/A       N/A         2
 Martyr's Knell           Necr/Summ      Unusable   N/A       N/A         4
 Summon Blazeheart Golem  Fire/Summ      Unusable   N/A       N/A         4
 Summon Mana Viper        Hex/Summ       Unusable   N/A       N/A         5
 Sculpt Simulacrum        Ice/Alch       Unusable   N/A       N/A         6

Dungeon Overview and Level Annotations

Branches:
Dungeon (15/15)            Temple (0/1) D:5            Lair (5/5) D:11
 Shoals (0/4) Lair:3        Snake (0/4) Lair:3        Slime (0/5) Lair:4
    Orc (0/2) D:11         Vaults (0/5) D:13         Depths (1/4) D:15

Altars:
Ashenzari
Cheibriados
Dithmenos
Elyvilon
Fedhas
Gozag
Kikubaaqudgha
Okawaru
Qazlal
Trog
Vehumet
Wu Jian
Yredelemnul
Zin
The Shining One
Jiyva

Shops:
D:10 [!?:   D:13 =   D:15 =   Depths:1 *

Annotations:
D:3 3 runed translucent doors, Drachta's ghost, amateur FoHu


Innate Abilities, Weirdness & Mutations

You have a pair of horns on your head.
You reflexively headbutt those who attack you in melee.


Message History

The hell knight seems to speed up.
You hear a shout!
Your base Polearms skill increases to level 20!
You chop the necromancer into pieces!!! You burn the necromancer!!
You kill the necromancer!
Okawaru accepts your kill.
A freezing mist starts to gather...
A necromancer simulacrum comes into view.
The hell knight hits you from afar with a +0 glaive of pain!
You writhe in agony.
A hell knight comes into view.
It is wielding a +5 demon trident of distortion.
The hell knight hits you from afar with a +0 glaive of pain!
You writhe in agony.
The hell knight attacks as it pursues you!
The hell knight hits you with a +5 great mace!!
The hell knight invokes the aid of its god against you.
The bolt of fire hits the hell knight.
The hell knight completely resists.
The bolt of fire hits you! The hell knight barely misses you.
You furiously retaliate!
You headbutt the hell knight!
The hell knight mumbles some strange prayers to its god against you.
The bolt of fire hits the hell knight.
The hell knight completely resists.
The bolt of fire hits the hell knight.
The hell knight completely resists.
The bolt of fire hits you!!!
* * * LOW HITPOINT WARNING * * *
The hell knight calls down the wrath of its god upon you.
The bolt of fire misses you.
Blink to where?
Press: ? - help, Dir - move target A tengu warrior and a tengu conjurer come into view.
Found 9 gold pieces.
Found Axiemner's Assorted Antiques.
As you read the scroll of blinking, it crumbles to dust.
The tengu warrior shouts!
The tengu conjurer shouts!
As you read the scroll of teleportation, it crumbles to dust.
You feel strangely unstable.
The hell knight calls down the wrath of its god upon you.
The bolt of fire hits you but does no damage.
As you read the scroll of fog, it dissolves into smoke.
The tengu warrior attacks as it pursues you!
The tengu warrior hits you with a +0 war axe!
You die...

#.# ...# .⌠..# . .....#
.. ......# ######## #...
...8...## #......# ..p#
.....§§§###..Z...#p.#
.♣..∩§§@§..p..p.pp.####
....§.§Q##.p.pZZ).......
...8Q§§##...####.#######
....§§###............#..
.....###......######.#.#
.⌠.$# #.......#[....<#..
...# #.......#......).#
#.# #..............#.#.#
.. #######.#.####.#[#.#


You could see 3 hell knights, a tengu warrior, a necromancer, a tengu conjurer,
a hell knight simulacrum and a necromancer simulacrum.

Vanquished Creatures
  Rupert (D:15)
  A stone giant (D:11)
  A fire dragon (Lair:5)
  An ettin (Depths:1)
  Snorg (D:10)
  A great orb of eyes (D:15)
  A yaktaur captain (D:11)
  A rakshasa (D:15)
  An ice dragon (Depths:1)
  4 hydras
  4 boulder beetles
  A catoblepas (Lair:3)
  3 centaur warriors
  A death knight (D:11)
  6 two-headed ogres
  A hell knight (Depths:1)
  Amaemon (D:10)
  2 skysharks (Lair:3)
  A skeletal warrior (D:11)
  2 arcanists (D:13)
  A lindwurm (Lair:5)
  Pikel (D:4)
  An orc knight (D:11)
  2 necromancers
  3 deep elf pyromancers
  A wolf spider (D:14)
  5 ugly things
  A salamander (Lair:5)
  4 manticores
  10 cyclopes
  A manticore (shapeshifter) (D:15)
  A black mamba (shapeshifter) (D:14)
  An orange demon (D:10)
  10 elephants
  11 cane toads
  A gargoyle (D:10)
  5 torpor snails (Lair:5)
  A yaktaur (shapeshifter) (D:14)
  6 kobold demonologists
  2 efreet
  A freezing wraith (D:14)
  7 komodo dragons
  2 unseen horrors (D:11)
  A rime drake (Lair:1)
  4 tyrant leeches (Lair:5)
  6 trolls
  24 blink frogs
  2 polar bears
  A wolf spider simulacrum (D:7)
  11 dream sheep (Lair:5)
  Prince Ribbit (D:6)
  10 hornets
  A vampire (D:12)
  Sigmund (D:2)
  90 yaks
  13 slime creatures
  2 shadows
  2 wraiths
  Eustachio (D:4)
  12 wyverns
  4 basilisks
  2 steam dragons
  2 vampire mosquitoes (Lair:5)
  Edmund (D:6)
  A swamp worm (shapeshifter) (D:15)
  3 acid dragons
  14 water moccasins
  Duvessa (D:7)
  A swamp drake (Lair:5)
  5 orc warriors
  4 ice beasts
  A sky beast (D:7)
  Pargi (D:4)
  3 black bears
  3 laughing skulls
  10 wolves
  11 centaurs
  2 lemures (D:4)
  2 phantoms
  5 kobold brigands
  12 bullfrogs
  6 scorpions
  2 gnoll sergeants
  11 wights
  2 hornet simulacra (D:7)
  Dowan (D:7)
  5 killer bees
  2 vampire bats (D:15)
  8 electric eels
  3 howler monkeys (D:9)
  A quasit (D:8)
  2 bullfrog zombies (D:5)
  2 centaur zombies (D:5)
  A bombardier beetle (D:5)
  9 jellies
  3 hounds
  6 orc priests
  2 sleepcaps (D:5)
  6 iguanas
  11 orc wizards
  4 hell rats (Lair:5)
  2 hound zombies (D:5)
  13 gnolls
  4 adders
  A shadow imp (D:7)
  A white imp (D:5)
  A dart slug (D:3)
  A ribbon worm (D:8)
  42 orcs
  4 ball pythons
  3 bat skeletons (D:15)
  4 bat zombies (D:15)
  13 endoplasms
  11 goblins
  11 hobgoblins
  A quokka (D:4)
  5 bats
  2 goblin zombies (D:8)
  A hobgoblin zombie (D:8)
  19 kobolds
  A kobold skeleton (D:8)
  A kobold zombie (D:8)
  2 orc skeletons (D:8)
  An orc zombie (D:8)
  4 rats
618 creatures vanquished.

Vanquished Creatures (collateral kills)
  A yak (D:11)
1 creature vanquished.

Grand Total: 619 creatures vanquished

Notes
Turn   | Place    | Note
-------+----------+-------------------------------------------
     0 | D:1      | pussyagain the Minotaur Fighter began the quest for the
                  | Orb.
     0 | D:1      | Reached XP level 1. HP: 19/19 MP: 0/0
   176 | D:1      | Reached XP level 2. HP: 26/26 MP: 1/1
   608 | D:2      | Reached XP level 3. HP: 19/31 MP: 2/2
   840 | D:2      | Found a glowing golden altar of the Shining One.
   890 | D:2      | Noticed Sigmund
   909 | D:2      | Killed Sigmund
   910 | D:2      | Reached XP level 4. HP: 20/39 MP: 3/3
   910 | D:2      | Reached XP level 5. HP: 23/45 MP: 4/4
  1738 | D:3      | Found a shadowy altar of Dithmenos.
  1790 | D:3      | Identified the +3 leather armour of Reason {rN+++ Str+3
                  | Slay+3 Stlth-}
  1817 | D:3      | Found a radiant altar of Vehumet.
  2131 | D:3      | Found a faded altar of an unknown god.
  2184 | D:3      | Found a runed translucent gate.
  2185 | D:3      | Found a runed translucent gate.
  2185 | D:3      | Found a runed translucent gate.
  2186 | D:3      | Noticed Drachta's ghost (amateur FoHu)
  2315 | D:3      | Found a glowing silver altar of Zin.
  2336 | D:3      | Reached XP level 6. HP: 51/51 MP: 5/5
  2747 | D:4      | Noticed Pikel
  2965 | D:4      | Noticed Eustachio
  3014 | D:4      | Killed Pikel
  3015 | D:4      | Reached skill level 10 in Axes
  3015 | D:4      | Reached XP level 7. HP: 39/57 MP: 6/6
  3061 | D:4      | Killed Eustachio
  3258 | D:4      | Noticed Pargi
  3272 | D:4      | Killed Pargi
  3273 | D:4      | Reached XP level 8. HP: 62/64 MP: 7/7
  3589 | D:4      | Found an iron altar of Okawaru.
  3708 | D:4      | Became a worshipper of Warmaster Okawaru
  3737 | D:5      | Entered Level 5 of the Dungeon
  3841 | D:5      | Found a staircase to the Ecumenical Temple.
  4085 | D:5      | Reached * piety under Okawaru
  4218 | D:5      | Found a basalt altar of Yredelemnul.
  4605 | D:6      | Reached XP level 9. HP: 49/70 MP: 8/8
  4605 | D:6      | Noticed Prince Ribbit
  4826 | D:6      | Killed Prince Ribbit
  4826 | D:6      | Reached ** piety under Okawaru
  5051 | D:6      | Found a broken altar of Ashenzari.
  5053 | D:6      | Noticed Edmund
  5065 | D:6      | Killed Edmund
  5066 | D:6      | Reached skill level 15 in Axes
  5159 | D:6      | Found an ornate altar of the Wu Jian Council.
  5470 | D:7      | Noticed Duvessa
  5472 | D:7      | Noticed Dowan
  5481 | D:7      | Killed Duvessa
  5487 | D:7      | Killed Dowan
  5495 | D:7      | Reached skill level 5 in Fighting
  5500 | D:7      | Reached *** piety under Okawaru
  5535 | D:7      | Found a transporter.
  5635 | D:7      | Got Biabeshoe's Octavo of the Crater and the Curse
  5913 | D:7      | Found a transporter.
  5940 | D:7      | Reached XP level 10. HP: 86/86 MP: 9/9
  6571 | D:8      | Found a glowing golden altar of the Shining One.
  6751 | D:8      | Found a snail-covered altar of Cheibriados.
  6925 | D:8      | Found a bloodstained altar of Trog.
  7184 | D:8      | Reached **** piety under Okawaru
  7188 | D:8      | Reached skill level 5 in Armour
  7641 | D:9      | Reached skill level 10 in Fighting
  7836 | D:9      | Reached ***** piety under Okawaru
  7839 | D:9      | Noticed a two-headed ogre
  7847 | D:9      | Killed a two-headed ogre
  8061 | D:9      | Reached XP level 11. HP: 101/101 MP: 10/10
  8130 | D:9      | Found an opulent altar of Gozag.
  8519 | D:10     | Entered Level 10 of the Dungeon
  8519 | D:10     | Found a blossoming altar of Fedhas.
  8600 | D:10     | Noticed Snorg
  8614 | D:10     | Killed Snorg
  8791 | D:10     | Found Ibaets's Book Emporium.
  8868 | D:10     | Found Ciffuheh's Magic Scroll Boutique.
  8877 | D:10     | Bought a scroll of fear for 40 gold pieces
  8877 | D:10     | Bought a scroll of identify for 20 gold pieces
  8877 | D:10     | Bought a scroll of identify for 20 gold pieces
  8877 | D:10     | Bought a scroll of identify for 20 gold pieces
  8877 | D:10     | Bought a scroll of fog for 40 gold pieces
  8877 | D:10     | Bought a scroll of identify for 20 gold pieces
  9088 | D:10     | Found Cevawolo's Antique Armour Shop.
  9096 | D:10     | Bought a pair of fading gloves for 332 gold pieces
  9096 | D:10     | Identified the +1 pair of gloves "Xyb Ofab" {rElec} (You
                  | bought it in a shop on level 10 of the Dungeon)
  9168 | D:10     | Found a stormy altar of Qazlal.
  9187 | D:10     | Noticed Amaemon
  9198 | D:10     | Killed Amaemon
  9412 | D:10     | Found Effef's Distillery.
  9429 | D:10     | Bought a potion of might for 48 gold pieces
  9429 | D:10     | Bought a potion of curing for 36 gold pieces
  9868 | D:11     | Received a gift from Okawaru
  9874 | D:11     | Reached skill level 10 in Armour
  9890 | D:11     | Found a staircase to the Lair.
  9893 | D:11     | Noticed a two-headed ogre
  9923 | D:11     | Killed a two-headed ogre
 10120 | D:11     | Received a gift from Okawaru
 10154 | D:11     | Reached XP level 12. HP: 112/115 MP: 11/11
 10176 | D:11     | Noticed a yaktaur captain
 10176 | D:11     | Noticed a death knight
 10835 | D:11     | Noticed a boulder beetle
 10854 | D:10     | Killed a boulder beetle
 10921 | D:11     | Killed a yaktaur captain
 11031 | D:11     | Noticed a two-headed ogre
 11446 | D:11     | Killed a two-headed ogre
 11540 | D:11     | Reached skill level 15 in Fighting
 11595 | D:11     | Got the Compendium of Shocking Ashes
 11618 | D:11     | Reached ****** piety under Okawaru
 11724 | D:11     | Noticed a stone giant
 11730 | D:11     | Received a gift from Okawaru
 11735 | D:11     | Killed a stone giant
 12104 | D:11     | Killed a death knight
 12463 | D:11     | Noticed a two-headed ogre
 12491 | D:11     | Killed a two-headed ogre
 12492 | D:11     | Reached XP level 13. HP: 122/128 MP: 12/12
 12680 | D:11     | Received a gift from Okawaru
 12685 | D:11     | Found a staircase to the Orcish Mines.
 12790 | D:11     | Acquired the +9 bardiche "Monyasoafu" {flame, Dex+3}
 12790 | D:11     | Received a gift from Okawaru
 12797 | D:11     | Acquired the +1 plate armour of Pandemonium {Slay+3}
 12797 | D:11     | Received a gift from Okawaru
 12851 | Lair:1   | Entered Level 1 of the Lair of Beasts
 12858 | Lair:1   | Reached skill level 1 in Polearms
 12865 | Lair:1   | Reached skill level 2 in Polearms
 12888 | Lair:1   | Reached skill level 3 in Polearms
 12935 | Lair:1   | Reached skill level 4 in Polearms
 13234 | Lair:1   | Reached skill level 5 in Polearms
 13381 | Lair:1   | Reached skill level 6 in Polearms
 13659 | Lair:1   | Reached skill level 7 in Polearms
 14182 | Lair:2   | Reached skill level 8 in Polearms
 14282 | Lair:2   | Identified the +3 ring mail of the Worm {rF++}
 14381 | Lair:3   | Received a gift from Okawaru
 14472 | Lair:3   | Reached skill level 9 in Polearms
 14500 | Lair:3   | Reached skill level 10 in Polearms
 14918 | Lair:3   | Found a staircase to the Shoals.
 15029 | Lair:3   | Found a staircase to the Snake Pit.
 15203 | Lair:3   | Identified the +2 spear of Victory {vamp, Str+2}
 15225 | Lair:3   | Identified the +1 spear of Reason {vamp, rF+ Will++ Int+3}
 15658 | Lair:3   | Reached skill level 11 in Polearms
 15660 | Lair:3   | Received a gift from Okawaru
 15880 | Lair:4   | Found a viscous altar of Jiyva.
 15881 | Lair:4   | Found a staircase to the Slime Pits.
 15948 | Lair:4   | Reached skill level 12 in Polearms
 16469 | Lair:5   | Entered Level 5 of the Lair of Beasts
 16479 | Lair:5   | Reached XP level 14. HP: 123/137 MP: 10/13
 16495 | Lair:5   | Received a gift from Okawaru
 16496 | Lair:5   | Reached skill level 13 in Polearms
 16776 | Lair:5   | Reached skill level 14 in Polearms
 17385 | Lair:5   | Received a gift from Okawaru
 17386 | Lair:5   | Reached skill level 15 in Polearms
 17736 | Lair:5   | Reached skill level 16 in Polearms
 18035 | Lair:5   | Paralysed by a hornet for 3 turns
 18472 | Lair:5   | Received a gift from Okawaru
 18929 | Lair:5   | Identified the +1 great sword of Eminent Domain {antimagic,
                  | rC+ Int+4}
 19113 | D:12     | Reached skill level 17 in Polearms
 19656 | D:12     | Found an iron altar of Okawaru.
 19798 | D:13     | Received a gift from Okawaru
 19905 | D:13     | Reached skill level 18 in Polearms
 19913 | D:13     | Reached XP level 15. HP: 127/144 MP: 14/14
 20026 | D:13     | Found Fujantum's Jewellery Emporium.
 20383 | D:13     | Found a gate to the Vaults.
 20389 | D:13     | Received a gift from Okawaru
 20780 | D:10     | Bought the +1 cloak of Starlight {*Dazzle EV+4 Stlth--} for
                  | 1067 gold pieces
 20780 | D:10     | Found the +1 cloak of Starlight {*Dazzle EV+4 Stlth--}
 21431 | D:14     | Identified the +4 short sword of the Queen {antimagic,
                  | *Slow rElec rC++ Stlth-}
 21554 | D:14     | Reached skill level 19 in Polearms
 21615 | D:15     | Entered Level 15 of the Dungeon
 21615 | D:15     | Found Sewoxu's Jewellery Emporium.
 21686 | D:15     | Found a white marble altar of Elyvilon.
 21771 | D:15     | Found an ancient bone altar of Kikubaaqudgha.
 21843 | D:15     | Noticed Rupert
 21845 | D:15     | Paralysed by Rupert for 3 turns
 21850 | D:15     | Killed Rupert
 22178 | D:15     | Received a gift from Okawaru
 22337 | D:15     | Found a staircase to the Depths.
 22493 | Depths:1 | Entered Level 1 of the Depths
 22641 | Depths:1 | Reached skill level 20 in Polearms
 22644 | Depths:1 | Found Axiemner's Assorted Antiques.
 22647 | Depths:1 | Slain by a tengu warrior

Illustrated notes

Levels and vault maps discovered:
D:1:      minmay_arrival_checkered_box, layout_basic
D:2:      layout_loops_ring, basic_altar, minivault_4, chequers_big_river,
          minmay_fractal_squares_gapless_5, uniq_sigmund
D:3:      minmay_door_path, layout_basic, nicolae_dithmenos_the_darkroom,
          mainiacjoe_overflow_concentric_impassable,
          nicolae_overflow_hidden_temple, ebering_ghost_rock_garden,
          shapermc_ecumenical_altar_petra
D:4:      layout_basic, lemuel_tele_altar, minmay_misc_feat_hallway,
          uniq_eustachio, uniq_pikel, uniq_pargi
D:5:      layout_cave_pools, nicolae_yredelemnul_corpse_copse,
          minmay_temple_entry_sparse_star
D:6:      layout_cave_pools, nicolae_wu_jian_wuxing_cycle,
          mainiacjoe_overflow_tiny_flanked, uniq_prince_ribbit1, uniq_edmund
D:7:      gammafunk_cloud_chamber, layout_basic, uniq_duvessa
D:8:      layout_basic, nicolae_tso_besieged_by_evil, trog_hazing_becter,
          slow_altar_2
D:9:      layout_basic, nicolae_gozag_cash_rules_everything_around_me
D:10:     layout_layer_cave, grunt_qazlal_sundering, lemuel_crystal_altar,
          serial_shops, nicolae_shop_dealshenge, shop, shop, shop_scrolls,
          uniq_snorg, uniq_amaemon
D:11:     nzn_winding_woodlands_large [nzn_winding_woodlands_5x5_open_star,
          nzn_winding_woodlands_5x15_eye,
          nzn_winding_woodlands_5x5_checkerboard,
          nzn_winding_woodlands_center_garden,
          nzn_winding_woodlands_15x15_eel_pit,
          nzn_winding_woodlands_center_lodge, nzn_winding_woodlands_5x5_default,
          nzn_winding_woodlands_5x15_zeroes, nzn_winding_woodlands_hourglass],
          layout_rooms, minmay_lair_entry_grove, david_orc_5,
          nicolae_zen_rock_garden, serial_bayou_pond_c, minmay_variable_closet
D:12:     layout_big_octagon, hellmonk_okawaru_the_only_friend_you_need
D:13:     layout_irregular_city, david_vaults_1, serial_shops,
          nicolae_shop_advertising_works [nicolae_subvault_shop_adworks],
          nicolae_eternal_life
D:14:     layout_loops_corners, minmay_misc_feat_roman,
          minmay_misc_feat_four_crosses
D:15:     gammafunk_enter_depths_forms, layout_irregular_city,
          nicolae_elyvilon_temple_path, serial_shops, nicolae_shop_gaudy_bauble,
          serial_column_ruins, column_ruins_columns_corner, column_ruins_grid_3,
          column_ruins_open_small, column_ruins_corridor_straight,
          column_ruins_grid_2, column_ruins_columns_plus,
          kennysheep_vampire_church, uniq_rupert
Lair:1:   layout_gridlike, grunt_megastairs_1, infiniplex_staircase_pool
Lair:2:   layout_big_grid
Lair:3:   layout_regular_city, minmay_shoals_entry_centaurs, dummy_snake_entry,
          st_stairs_12
Lair:4:   layout_layer_cave, slime_entry_2
Lair:5:   wormcave, layout_gridlike, pond
Depths:1: layout_basic, rand_demon_pan_entry_1, special_room
          [special_room_jelly], pf_coc_iceberg, minmay_misc_feat_ornament,
          fedhas_altar_1, minmay_shoptagon

Skill      XL: |  1  2  3  4  5  6  7  8  9 10 11 12 13 14 15 |
---------------+----------------------------------------------+-----
Axes           | 3 4 7 10 11 14 16 | 16.0
Fighting       | 7 10 13 16 | 16.2
Armour         | 7 11 14 | 14.5
Polearms       | 12 18 20 | 20.0
Shields        | |  3.6

Action                     |  1- 3 |  4- 6 |  7- 9 | 10-12 | 13-15 || total
---------------------------+-------+-------+-------+-------+-------++-------
  Melee: War axe           |    58 |   111 |   250 |   461 |    42 ||   922
         Headbutt          |     3 |     9 |    52 |   117 |   105 ||   286
         Unarmed           |       |     6 |       |       |       ||     6
         Bardiche          |       |       |       |       |   610 ||   610
 Invoke: Heroism           |       |       |     1 |     6 |     8 ||    15
         Receive Weapon    |       |       |       |       |     1 ||     1
         Receive Armour    |       |       |       |       |     1 ||     1
    Use: Potion            |     1 |     1 |     2 |     1 |     2 ||     7
         Scroll            |       |     9 |     6 |     8 |    13 ||    36
   Stab: Paralysed         |       |       |       |     5 |       ||     5
         Petrifying        |       |       |       |     4 |       ||     4
         Confused          |       |       |       |     3 |       ||     3
         Distracted        |       |       |       |       |     1 ||     1
         Petrified         |       |       |       |       |     1 ||     1
 Armour: Scale mail        |    41 |    49 |   164 |    20 |       ||   274
         Skin              |       |    21 |       |       |       ||    21
         Plate armour      |       |       |       |   345 |   725 ||  1070
  Dodge: Dodged            |    22 |    62 |   110 |   183 |   301 ||   678
  Block: Buckler           |    12 |    22 |    65 |   112 |     9 ||   220
         Other             |       |       |       |       |   116 ||   116
         Reflection        |       |       |       |       |     4 ||     4
